 Dungeon Crawl Stone Soup version 0.31-a0-986-g5e6e4ef867 (webtiles) character file.

Game seed: 1550984675251574947

680 Skeral the Ruffian (level 7, 0/67 HPs)
             Began as a Troll Artificer on Nov 9, 2023.
             Succumbed to a gnoll sergeant's poison
             ... on level 5 of the Dungeon.
             The game lasted 00:07:16 (3426 turns).

Skeral the Ruffian (Troll Artificer)                Turns: 3426, Time: 00:07:17

Health: 0/67       AC:  7    Str: 21    XL:     7   Next: 34%
Magic:  6/6        EV: 10    Int:  7    God:
Gold:   269        SH:  0    Dex: 12    Spells: 6/6 levels left

rFire   . .          .
                       - Unarmed
rCold   . . .        (no shield)
rNeg    . . .        b - +0 robe
rPois   .            z - +2 hat
rElec   .            o - +0 cloak
rCorr   .            (gloves unavailable)
SInv    .            (boots unavailable)
Will    .....        (no amulet)
Stlth   +            (no ring)
HPRegen 1.11/turn    (no ring)
MPRegen 0.10/turn

%: no passive effects
@: lethally poisoned (0 -> -1), invisible
A: large, unfitting armour, claws 3, regeneration 1, shaggy fur 1, tough skin 1
a: no special abilities


You were on level 5 of the Dungeon.
You visited 1 branch of the dungeon, and saw 5 of its levels.

You collected 269 gold pieces.


Innate Abilities, Weirdness & Mutations

You are too large for most types of armour.
You have claws for hands.
Your natural rate of healing is unusually fast.
You are covered in fur. (AC +1)
You have tough skin. (AC +1)


   Skills:
 + Level 3.4 Fighting
 - Level 1.9 Dodging
 - Level 0.3 Stealth
 * Level 5.8 Unarmed Combat
 - Level 2.1 Evocations
 + Level 2.8 Shapeshifting


You had 6 spell levels left.
You didn't know any spells.
Your spell library contained the following spells:

 Spells                   Type           Power      Damage    Failure   Level
 Foxfire                  Conj/Fire      0%         2x1d4     43%         1
 Freeze                   Ice            0%         1d3       43%         1
 Necrotise                Necr           0%         1d4       43%         1
 Slow                     Hex            0%         N/A       43%         1
 Ensorcelled Hibernation  Hex/Ice        0%         N/A       56%         2
 Passwall                 Tmut/Erth      0%         N/A       56%         2
 Confusing Touch          Hex            0%         N/A       80%         3
 Dazzling Flash           Conj/Hex       0%         N/A       80%         3
 Frozen Ramparts          Ice            0%         1d1       80%         3
 Hailstorm                Conj/Ice       0%         3d3       80%         3
 Inner Flame              Hex/Fire       0%         N/A       80%         3
 Sigil of Binding         Hex            0%         N/A       80%         3
 Swiftness                Air            0%         N/A       80%         3
 Vampiric Draining        Necr           0%         2d6       80%         3
 Volatile Blastmotes      Fire/Tloc      0%         2d10      80%         3
 Flame Wave               Conj/Fire      0%         2d4       99%         4
 Sticky Flame             Conj/Fire      0%         2d3       99%         4
 Agony                    Necr           0%         N/A       100%        5
 Plasma Beam              Fire/Air       0%         2x1d10    100%        6
 Starburst                Conj/Fire      0%         6d3       100%        6
 Maxwell's Capacitive Co  Air            0%         ∞         100%        8

Inventory:

Missiles
 m - 14 poisoned darts
 p - a boomerang
 q - 2 javelins
 t - a throwing net {=f!f}
Armour
 b - a +0 robe (worn)
 o - a +0 cloak (worn)
   (You took it off Crazy Yiuf on level 2 of the Dungeon)
 z - a +2 hat (worn)
   (You found it on level 4 of the Dungeon)
Talismans
 n - a blade talisman
   (You found it on level 3 of the Dungeon)
Wands
 c - a wand of flame (34) (quivered)
 d - a wand of charming (14)
 e - a wand of iceblast (3)
 u - a wand of mindburst (15)
   (You found it on level 3 of the Dungeon)
Scrolls
 a - a scroll of noise {unknown}
 f - 3 scrolls of enchant weapon
 g - 7 scrolls of identify {unknown}
 h - a scroll of teleportation {unknown}
 i - a scroll of revelation {unknown}
 k - a scroll of amnesia {unknown}
 v - 3 scrolls of immolation {unknown}
Potions
 j - a potion of mutation {unknown}
 l - 2 potions of invisibility
 r - a potion of degeneration {unknown}
 s - a potion of heal wounds {unknown}
 x - a potion of lignification {unknown}
 A - a potion of haste {unknown}

Dungeon Overview and Level Annotations

Branches:
Dungeon (4/15) Zot: 26580
 Temple: D:4-7

Altars:
Makhleb

Annotations:
D:5 2 transporters, foggymo's ghost, weakling HuDe

.....................
.....................o..
........................
........................
........................
........................
........................
........................
................@....>..
..........)...F........
.........)..gs........
...........O.........
...............###+#
..............#
..............#
..............+
..............#


You could see an ogre (unable to see you), a gnoll sergeant (unable to see you),
a bullfrog (unable to see you), a scorpion (unable to see you) and an orc
(wandering, unable to see you).


Message History

😮 HP[-13]
You take 13 damage, and now have 48/67 hp.
Aiming: Iceblast
Press: ? - help, Shift-Dir - straight line, f - gnoll sergeant
Aim: a gnoll sergeant, wielding a +2 spear of venom and wearing a +0 ring mail The mass of ice explodes!
The iceblast engulfs the gnoll sergeant!
The iceblast engulfs the gnoll.
You feel sick.
You hear a shout!
You hear a croak.
You hear a shout!
The gnoll sergeant hits you from afar with a +2 spear of venom!
You are more poisoned.
An ogre comes into view. It is wielding a +0 giant spiked club.
The scorpion stings you. 😮 HP[-11]
You take 11 damage, and now have 37/67 hp.
You closely miss the scorpion.
You feel very sick.
The ogre shouts!
The gnoll sergeant hits you but does no damage.
The scorpion stings you but does no damage. 😨 HP[-4]
You take 4 damage, and now have 33/67 hp.
You barely miss the scorpion.
You feel very sick.
The gnoll hits you from afar with a +0 spear.
* * * LOW HITPOINT WARNING * * *
The scorpion stings you but does no damage.
The gnoll sergeant hits you from afar with a +2 spear of venom!
* * * LOW HITPOINT WARNING * * *
You are lethally poisoned! 😱 HP[-17]
You take 17 damage, and now have 16/67 hp.
MASSIVE DAMAGE!! (PAUSE)
You fade into invisibility!
* * * LOW HITPOINT WARNING * * *
You feel very sick. The gnoll hits you but does no damage.
The scorpion barely misses you.
The gnoll sergeant closely misses you. 😱 HP[-5]
You take 5 damage, and now have 11/67 hp.
* * * LOW HITPOINT WARNING * * *
You feel very sick. 😱 HP[-3]
You take 3 damage, and now have 8/67 hp.
It was a potion of curing.
You feel better. The scorpion misses you.
The scorpion barely misses you. 😨 HP[+10]
You regained 10 hp, and now have 18/67 hp.
Aiming: Iceblast
Press: ? - help, Shift-Dir - straight line, f - gnoll, p - gnoll sergeant
Aim: a gnoll, wielding a +0 spear (lightly wounded, unable to see you)
The mass of ice explodes!
The iceblast engulfs the gnoll!
You kill the gnoll!
The iceblast engulfs the gnoll!!
You kill the gnoll!
The iceblast engulfs the gnoll sergeant!
You hear a shout!
A bullfrog comes into view.
The scorpion stings you but does no damage. 😨 HP[+1]
You closely miss the scorpion. The scorpion barely misses you.
The gnoll sergeant hits you with a +2 spear of venom.
* * * LOW HITPOINT WARNING * * *
😱 HP[-5]
You take 5 damage, and now have 14/67 hp. 😱 HP[+1]
You scratch the gnoll sergeant but do no damage.
The scorpion stings you but does no damage.
The gnoll sergeant hits you with a +2 spear of venom!
* * * LOW HITPOINT WARNING * * *
You are poisoned. 😱 HP[-6]
You take 6 damage, and now have 9/67 hp.
As you read the scroll labelled XEORPHO NIMOSIUTA, it crumbles to dust.
It is a scroll of enchant weapon.
You aren't carrying any weapons that can be enchanted.
* * * LOW HITPOINT WARNING * * *
You feel very sick. The scorpion closely misses you.
The gnoll sergeant completely misses you.
The ogre closely misses you. The bullfrog hits you.
* * * LOW HITPOINT WARNING * * *
😱 HP[-4]
You take 4 damage, and now have 5/67 hp.
* * * LOW HITPOINT WARNING * * *
You feel very sick. The bullfrog completely misses you.
The scorpion misses you. 😱 HP[-2]
You take 2 damage, and now have 3/67 hp.
Okay, then.
Okay, then.
* * * LOW HITPOINT WARNING * * *
You feel very sick.
An orc comes into view. It is wielding a +0 mace.
The bullfrog hits you but does no damage. 😱 HP[-2]
You take 2 damage, and now have 1/67 hp.
You catch the helpless bullfrog completely off-guard!
You claw the bullfrog!
You die...

Skill      XL: |  1  2  3  4  5  6 |
---------------+-------------------+-----
Fighting       | 1 2 3 |  3.4
Unarmed Combat | 1 2 3 4 5 |  5.8
Shapeshifting  | 1 2 |  2.8
Dodging        | |  1.9
Stealth        | |  0.3
Evocations     | |  2.1

Action                     |  1- 3 |  4- 6 |  7- 9 || total
---------------------------+-------+-------+-------++-------
  Melee: Unarmed           |    70 |   113 |    27 ||   210
         Club              |     3 |       |       ||     3
         Punch             |     2 |     2 |     2 ||     6
  Evoke: Wand              |       |     4 |     2 ||     6
    Use: Potion            |       |     1 |     2 ||     3
         Scroll            |       |       |     1 ||     1
   Stab: Sleeping          |     3 |     1 |       ||     4
         Invisible         |       |       |     1 ||     1
 Armour: Robe              |    47 |    76 |    25 ||   148
  Dodge: Dodged            |    38 |    67 |    27 ||   132

Levels and vault maps discovered:
D:1:      dpeg_arrival_simpleton_a, layout_basic, minmay_heptomino_d4
D:2:      layout_loops_corners, uniq_crazy_yiuf_cottage
D:3:      minmay_razor_zed, layout_basic, demons_altar, uniq_natasha
D:4:      layout_loops_ring, uniq_sigmund, uniq_grinder
D:5:      layout_basic, kennysheep_little_box, gammafunk_ghost_arena,
          minmay_misc_feat_five

Notes
Turn   | Place    | Note
-------+----------+-------------------------------------------
     0 | D:1      | Skeral the Troll Artificer began the quest for the Orb.
     0 | D:1      | Reached XP level 1. HP: 18/18 MP: 0/0
     0 | D:1      | magus.rc [v1.10.3]
   186 | D:1      | Reached skill level 1 in Fighting
   186 | D:1      | Reached skill level 1 in Unarmed Combat
   253 | D:1      | Reached XP level 2. HP: 27/27 MP: 1/1
   397 | D:1      | You pick up a book of Fire and begin reading...
   397 | D:1      | You add the spells Foxfire, Plasma Beam and Starburst to
                  | your library.
   547 | D:1      | You pick up a book of Flames and begin reading...
   547 | D:1      | You add the spells Inner Flame, Sticky Flame and Flame Wave
                  | to your library.
   601 | D:1      | Reached skill level 2 in Unarmed Combat
   831 | D:1      | Reached XP level 3. HP: 33/33 MP: 2/2
  1152 | D:2      | You pick up a book of Burglary and begin reading...
  1152 | D:2      | You add the spells Passwall, Ensorcelled Hibernation and
                  | Swiftness to your library.
  1374 | D:2      | You pick up a book of Frost and begin reading...
  1374 | D:2      | You add the spells Freeze, Frozen Ramparts and Hailstorm to
                  | your library.
  1618 | D:2      | Found a runed translucent door.
  1619 | D:2      | Noticed Crazy Yiuf
  1771 | D:2      | Identified the +2 mace "Cicly" {flame, rElec rPois Int+3}
  1831 | D:2      | Killed Crazy Yiuf
  1832 | D:2      | Reached skill level 3 in Unarmed Combat
  1832 | D:2      | Reached XP level 4. HP: 22/42 MP: 3/3
  2049 | D:3      | Reached skill level 2 in Fighting
  2200 | D:3      | Noticed Natasha
  2207 | D:3      | Killed Natasha
  2269 | D:3      | Noticed Natasha
  2281 | D:3      | Killed Natasha
  2326 | D:3      | Reached XP level 5. HP: 49/49 MP: 4/4
  2384 | D:3      | Found a burning altar of Makhleb.
  2403 | D:3      | Reached skill level 1 in Shapeshifting
  2407 | D:3      | Reached skill level 4 in Unarmed Combat
  2428 | D:3      | You pick up a book of Spectacle and begin reading...
  2428 | D:3      | You add the spells Volatile Blastmotes, Dazzling Flash and
                  | Maxwell's Capacitive Coupling to your library.
  2514 | D:3      | You pick up a book of Debilitation and begin reading...
  2514 | D:3      | You add the spells Slow, Sigil of Binding, Vampiric
                  | Draining and Confusing Touch to your library.
  2636 | D:3      | You pick up a book of Debilitation and begin reading...
  2818 | D:3      | Reached XP level 6. HP: 59/59 MP: 5/5
  2840 | D:3      | You pick up a book of Necromancy and begin reading...
  2840 | D:3      | You add the spells Necrotise and Agony to your library.
  2905 | D:3      | Noticed Natasha
  2909 | D:3      | Killed Natasha
  3016 | D:4      | Noticed Grinder
  3029 | D:4      | Killed Grinder
  3030 | D:4      | Reached skill level 3 in Fighting
  3030 | D:4      | Reached skill level 5 in Unarmed Combat
  3030 | D:4      | Reached skill level 2 in Shapeshifting
  3104 | D:4      | Noticed Sigmund
  3146 | D:4      | Killed Sigmund
  3147 | D:4      | Reached XP level 7. HP: 54/67 MP: 6/6
  3369 | D:4      | You fall into a shaft and drop 1 floor!
  3369 | D:5      | Identified the of Niuli
  3369 | D:5      | Entered Level 5 of the Dungeon
  3375 | D:5      | Noticed foggymo's ghost (weakling HuDe)
  3380 | D:5      | Found a transporter.
  3381 | D:5      | Found a transporter.
  3415 | D:5      | HP: 16/67 [gnoll sergeant/+2 spear of venom (10)]
  3420 | D:5      | HP: 14/67 [gnoll sergeant/+2 spear of venom (6)]
  3423 | D:5      | HP: 6/67 [poisoned by a gnoll sergeant]
  3425 | D:5      | HP: 1/67 [poisoned by a gnoll sergeant]
  3426 | D:5      | Succumbed to a gnoll sergeant's poison

Vanquished Creatures
  Grinder (D:4)
  Sigmund (D:4)
  3 iron imps (D:3)
  Crazy Yiuf (D:2)
  Natasha (thrice) (D:3)
  3 adders
  4 gnolls
  2 dart slugs (D:1)
  2 orcs (D:3)
  7 bats
  6 endoplasms
  3 giant cockroaches
  7 goblins
  5 hobgoblins
  7 kobolds
  2 quokkas (D:1)
  8 ball pythons
  2 frilled lizards (D:3)
  9 rats
76 creatures vanquished.

Table legend:
 A = Non-vault XP
 B = Vault XP
 C = Vault XP percentage of total XP
 D = Non-vault monster count
 E = Vault monster count
 F = Vault count percentage of total count
                 A         B        C        D         E       F
            +---------+---------+-------+---------+---------+-------
      Total |     218 |     754 |  77.6 |      50 |      26 |  34.2
            +---------+---------+-------+---------+---------+-------
        D:1 |      37 |       6 |  14.0 |      18 |       4 |  18.2
        D:2 |      30 |      37 |  55.2 |      10 |       1 |   9.1
        D:3 |      99 |     208 |  67.8 |      12 |      19 |  61.3
        D:4 |      24 |     503 |  95.4 |       8 |       2 |  20.0
        D:5 |      28 |       0 |   0.0 |       2 |       0 |   0.0
            +---------+---------+-------+---------+---------+-------

Skill      XL: |  1  2  3  4  5  6 |
---------------+-------------------+-----
Fighting       | 1 2 3 |  3.4
Unarmed Combat | 1 2 3 4 5 |  5.8
Shapeshifting  | 1 2 |  2.8
Dodging        | |  1.9
Stealth        | |  0.3
Evocations     | |  2.1

Action                     |  1- 3 |  4- 6 |  7- 9 || total
---------------------------+-------+-------+-------++-------
  Melee: Unarmed           |    70 |   113 |    27 ||   210
         Club              |     3 |       |       ||     3
         Punch             |     2 |     2 |     2 ||     6
  Evoke: Wand              |       |     4 |     2 ||     6
    Use: Potion            |       |     1 |     2 ||     3
         Scroll            |       |       |     1 ||     1
   Stab: Sleeping          |     3 |     1 |       ||     4
         Invisible         |       |       |     1 ||     1
 Armour: Robe              |    47 |    76 |    25 ||   148
  Dodge: Dodged            |    38 |    67 |    27 ||   132

Illustrated notes

Table legend:
 A = Kills in this place as a percentage of kills in the entire game.
 B = Kills by you in this place as a percentage of kills by you in the entire game.
 C = Kills by friends in this place as a percentage of kills by friends in the entire game.
 D = Other kills in this place as a percentage of other kills in the entire game.
 E = Experience gained in this place as a percentage of experience gained in the entire game.
 F = Experience gained in this place divided by the number of levels of this place that you have seen.
                   A       B       C       D       E      F
               +-------+-------+-------+-------+-------+----------------------
         Total | 100.0 | 100.0 |   N/A |   N/A | 100.0 | 194.4
       Dungeon | 100.0 | 100.0 |   N/A |   N/A | 100.0 | 194.4
               +-------+-------+-------+-------+-------+----------------------

Table legend: (Time is in decaauts)
 A = Elapsed time spent in this place.
 B = Non-inter-level travel time spent in this place.
 C = Inter-level travel time spent in this place.
 D = Time resting spent in this place.
 E = Time spent auto-exploring this place.
 F = Levels seen in this place.
 G = Mean time per level.
                   A        B        C        D        E       F      G
               +--------+--------+--------+--------+--------+-----+--------+
         Total |   3419 |   3306 |    113 |     28 |   2294 |   5 |  683.8 |
       Dungeon |   3419 |   3306 |    113 |     28 |   2294 |   5 |  683.8 |
               +--------+--------+--------+--------+--------+-----+--------+

Top non-repeatable levels by time:
     D:3: 1103 daAuts
     D:2: 957 daAuts
     D:1: 936 daAuts
     D:4: 366 daAuts
     D:5: 56 daAuts
